 Dungeon Crawl Stone Soup version 0.18-a0-1572-g0a86841 (webtiles) character file.

284 M4edhros the Poker (level 6, -9/42 HPs)
             Began as an Octopode Chaos Knight on Mar 15, 2016.
             Mangled by a wasp (12 damage)
             ... in a sewer.
             The game lasted 00:04:09 (3373 turns).

M4edhros the Poker (Octopode Chaos Knight)          Turns: 3373, Time: 00:04:12

Health: -9/42      AC:  1    Str: 14    XL:     6   Next: 29%
Magic:  6/6        EV:  9    Int: 14    God:    Xom [......]
Gold:   146        SH:  0    Dex: 14    Spells: 0 memorised, 5 levels left

rFire  . . .     SeeInvis .     a - +0 spear (chaos)
rCold  . . .     Gourm    .     (no shield)
rNeg   . . .     Faith    .     (helmet restricted)
rPois  .         Spirit   .     l - amulet of rage
rElec  .         Dismiss  .     k - +3 ring of strength
rCorr  .         Reflect  .     (no ring)
SustAt .         Harm     .     (no ring)
MR     .....                    (no ring)
Stlth  +++.......               (no ring)
                                (no ring)
                                (no ring)
                                (no ring)

@: lethally poisoned (-9 -> -13), very slightly contaminated, hasted and slowed,
constricted, not resistant to hostile enchantments, fairly stealthy
A: almost no armour, amphibious, 8 rings, constrict 8, camouflage 1, gelatinous
body 1
a: Renounce Religion, Evoke Berserk Rage


You were in a sewer.
You worshipped Xom.
You were a very special plaything of Xom.
You were not hungry.

You visited 1 branch of the dungeon, and saw 3 of its levels.
You also visited: Sewer.

You collected 146 gold pieces.

Inventory:

Hand Weapons
 a - a +0 spear of chaos (weapon)
Armour
 h - a +0 large shield
Jewellery
 k - a +3 ring of strength (left tentacle)
 l - an amulet of rage (around mantle)
Scrolls
 c - 2 scrolls of fear {unknown}
 d - 2 scrolls of enchant weapon {unknown}
 f - 4 scrolls of remove curse {unknown}
 g - 2 scrolls of enchant armour {unknown}
 i - 5 scrolls of teleportation {unknown}
 j - 3 scrolls of identify {unknown}
 n - 2 scrolls of fog {unknown}
 p - 2 scrolls of recharging {unknown}
 t - a scroll of magic mapping {unknown}
Potions
 e - a potion of curing
 s - a potion of heal wounds {unknown}
Comestibles
 b - 5 bread rations
 m - 3 chunks of flesh
 o - a beef jerky


   Skills:
 - Level 3.0 Fighting
 + Level 6.8 Polearms
 - Level 2.3 Dodging


You had 5 spell levels left.
You didn't know any spells.

Dungeon Overview and Level Annotations

Branches:
Dungeon (3/15)

Altars:
Vehumet
Yredelemnul


Innate Abilities, Weirdness & Mutations

You cannot wear most types of armour.
You are amphibious.
You can wear up to eight rings at the same time.
You can use your tentacles to constrict eight enemies at once.
Your skin changes colour to match your surroundings (Stealth).
Your rubbery body absorbs attacks (AC +1).


Message History

It was a potion of haste.
You feel yourself speed up.
You constrict the wasp. The wasp barely misses you. The ball python bites you.
The ball python grabs you. The ball python constricts you.
The giant newt closely misses you.
You are very lightly contaminated with residual magic.
You hit the wasp but do no damage.
The wasp goes berserk!
The wasp is moderately wounded.
You constrict the wasp, but do no damage.
The wasp stings you!
You are poisoned.
The ball python bites you but does no damage.
The ball python constricts you. The giant newt barely misses you.
Drink which item? (? for menu, Esc to quit)
It was a potion of magic.
Magic courses through your body.
You constrict the wasp, but do no damage.
You feel sick. The wasp stings you!!
* * * LOW HITPOINT WARNING * * *
You feel yourself slow down. The wasp stings you!
You die...
Xom roars with laughter!

#≈≈≈≈≈≈#
#≈≈≈≈†≈#
#≈≈≈≈≈≈#
#≈.().≈#
#≈≈≈≈≈≈#
#≈.≈..≈#
#≈≈≈≈≈≈#
#≈≈≈≈≈≈#
#≈≈≈≈≈≈#
#≈≈≈≈≈≈#
#≈≈≈≈≈≈#
#≈≈≈≈≈≈#
#≈≈≈≈≈≈#
#≈≈≈≈≈≈#
#≈≈≈≈S≈#
#≈≈≈≈≈≈#
#≈≈≈≈S@#
#≈≈≈≈≈≈#
#≈≈≈≈ly#
#≈≈≈≈≈≈#
#≈≈≈FSF#
#≈≈≈≈≈≈##
#.≈..≈.#
#.≈..≈≈##
#.....l#
#......##
#.l....#
##......#
#......+
#.......
##....##
##......
##.....


You could see 2 giant frogs, a wasp (berserk), 3 ball pythons and 3 giant newts.

Vanquished Creatures
  A gnoll (D:1)
  6 adders
  6 river rats (Sewer)
  2 oozes
  A dart slug (D:1)
  A giant gecko (D:3)
  3 giant cockroaches
  10 goblins
  2 hobgoblins (D:1)
  5 jackals
  2 quokkas (D:2)
  9 ball pythons (Sewer)
  13 bats
  3 giant newts
  6 kobolds
  28 rats
98 creatures vanquished.

Vanquished Creatures (collateral kills)
  The ghost of M4edhros the Poker, an amateur OpCK of Xom (D:3)
  A dart slug (D:3)
  A giant newt (D:3)
3 creatures vanquished.

Grand Total: 101 creatures vanquished

Notes
Turn   | Place    | Note
--------------------------------------------------------------
     0 | D:1      | M4edhros the Octopode Chaos Knight began the quest for the Orb.
     0 | D:1      | Reached XP level 1. HP: 16/16 MP: 1/1
    71 | D:1      | XOM: silly message
   126 | D:1      | Reached XP level 2. HP: 21/21 MP: 2/2
   272 | D:1      | XOM: silly message
   314 | D:1      | Reached skill level 4 in Polearms
   497 | D:1      | Reached XP level 3. HP: 26/26 MP: 3/3
   503 | D:1      | XOM: divination: detect creatures
   598 | D:2      | Found a basalt altar of Yredelemnul.
   628 | D:2      | XOM: medium Hex miscast
   737 | D:2      | Found a radiant altar of Vehumet.
   794 | D:2      | XOM: mild Ice miscast
  1291 | D:2      | XOM: stat loss: -1 Str (13/14)
  1534 | D:2      | Reached XP level 4. HP: 31/31 MP: 4/4
  2447 | D:3      | Reached skill level 5 in Polearms
  2516 | D:3      | Noticed M4edhros's ghost (amateur OpCK)
  2562 | D:3      | XOM: harmless Summ miscast
  2587 | D:3      | XOM: summons 4 friendly demons
  2589 | D:3      | Found a glowing drain.
  2598 | D:3      | Killed M4edhros's ghost
  2598 | D:3      | Reached skill level 6 in Polearms
  2598 | D:3      | Reached XP level 5. HP: 19/36 MP: 5/5
  2603 | Sewer    | Entered a sewer
  2689 | Sewer    | XOM: harmless Conj miscast
  2709 | Sewer    | XOM: medium Fire miscast
  3045 | Sewer    | XOM: 5-stop teleportation journey
  3118 | Sewer    | Reached XP level 6. HP: 40/42 MP: 6/6
  3125 | Sewer    | XOM: silly message
  3320 | Sewer    | XOM: mild Chrm miscast
  3370 | Sewer    | Noticed a wasp
  3370 | Sewer    | an adder changed into a wasp
  3373 | Sewer    | Mangled by a wasp

Vault maps used:
D:1:      zaba_arrival_water
D:2:      vehumet_crystals, lemuel_doored_altar
D:3:      kennysheep_big_flooded_room, gup_sewer_entry_bowl
Sewer:    sewer_minmay_w

Skill      XL: |  1  2  3  4 |
---------------+-------------+-----
Polearms       | 4 6 |  6.8
Fighting       | |  3.0
Dodging        | |  2.3

Action                   |  1- 3 |  4- 6 || total
-------------------------+-------+-------++-------
Melee: Spear             |    81 |   130 ||   211
  Use: Potion            |       |     6 ||     6
 Stab: Sleeping          |     9 |     7 ||    16
       Distracted        |     1 |     1 ||     2
       Confused          |       |     1 ||     1
       Petrified         |       |     1 ||     1
  Eat: Chunk             |     2 |     6 ||     8
